[Event "ICC tourney 2396 (75 10)"]
[Site "Internet Chess Club"]
[Date "2021.02.20"]
[Round "3"]
[White "Zuiopal"]
[Black "MikeWMason"]
[Result "0-1"]
[ICCResult "White resigns"]
[WhiteElo "1654"]
[BlackElo "1664"]
[Opening "QGD: Albin counter-gambit"]
[ECO "D08"]
[NIC "QG.02"]
[Time "18:02:13"]
[PlyCount "40"]
[TimeControl "4500+10"]

1. d4 d5 2. c4 e5 3. dxe5 d4 4. a3 Nc6 5. Bf4 Nge7 6. Nf3 Ng6 7. Bg3 a5 8.
Nbd2 a4 9. b4 axb3 10. Nxb3 Bxa3 11. Nbd2 Be6 12. Qb3 Bb4 13. Rxa8 Qxa8 14.
e4 Qa1+ 15. Qd1 Qc3 16. h4 Bg4 17. h5 Ngxe5 18. Bxe5 Nxe5 19. Qa4+ Ke7 20.
Qd1 Ra8 { White resigns } 0-1

[Event "ICC tourney 2396 (75 10)"]
[Site "Internet Chess Club"]
[Date "2021.02.20"]
[Round "3"]
[White "Pugnacious"]
[Black "rpodder1"]
[Result "0-1"]
[ICCResult "White resigns"]
[WhiteElo "1671"]
[BlackElo "1590"]
[Opening "Giuoco Piano"]
[ECO "C50"]
[NIC "IG.02"]
[Time "18:02:14"]
[PlyCount "86"]
[TimeControl "4500+10"]

1. e4 e5 2. Nf3 Nc6 3. Bc4 Bc5 4. d4 Bxd4 5. Nxd4 Nxd4 6. Be3 Nc6 7. Nc3
Nf6 8. Bg5 h6 9. Bh4 O-O 10. O-O d6 11. f4 exf4 12. Bxf6 Qxf6 13. Nd5 Qg6
14. Rxf4 Be6 15. Bd3 Bxd5 16. exd5 Qg5 17. Rf5 Qe3+ 18. Kh1 Ne5 19. Bb5 Qe4
20. Rh5 Ng4 21. Qf1 Qd4 22. h3 g6 23. hxg4 gxh5 24. Rd1 Qxg4 25. Be2 Qh4+
26. Kg1 Rae8 27. Rd3 Re5 28. Rh3 Qg5 29. Kh2 h4 30. Qf2 f5 31. Bf3 Qf4+ 32.
Kh1 Rfe8 33. g3 Re1+ 34. Kg2 Qc4 35. Rxh4 Qb5 36. c4 Qb6 37. Qc2 Qg1+ 38.
Kh3 R1e2 39. Qxf5 Rh2+ 40. Kg4 Qd4+ 41. Qf4 Qg7+ 42. Kh5 Re5+ 43. Qxe5
Qxe5+ { White resigns } 0-1

[Event "ICC tourney 2396 (75 10)"]
[Site "Internet Chess Club"]
[Date "2021.02.20"]
[Round "3"]
[White "Yamato1945"]
[Black "chesslin"]
[Result "1/2-1/2"]
[ICCResult "Game drawn because neither player has mating material"]
[WhiteElo "1510"]
[BlackElo "1788"]
[Opening "King's Indian: Petrosian system, Stein variation"]
[ECO "E92"]
[NIC "KI.17"]
[Time "18:02:21"]
[PlyCount "132"]
[TimeControl "4500+10"]

1. d4 g6 2. c4 Bg7 3. Nc3 d6 4. e4 Nf6 5. Nf3 O-O 6. Be2 e5 7. d5 a5 8. O-O
Na6 9. a3 Bg4 10. Be3 Nd7 11. Rb1 Bxf3 12. Bxf3 f5 13. b4 axb4 14. axb4 Nf6
15. Qc2 f4 16. Bd2 g5 17. h3 h5 18. Qd1 Qe8 19. Kh2 Qg6 20. g4 fxg3+ 21.
fxg3 g4 22. Bg2 gxh3 23. Bxh3 Ng4+ 24. Bxg4 hxg4 25. Kg2 Rxf1 26. Qxf1 Rf8
27. Qe2 Qh5 28. Rh1 Qf7 29. Rf1 Qxf1+ 30. Qxf1 Rxf1 31. Kxf1 Nxb4 32. Nd1
Nd3 33. Ke2 Nc5 34. Nf2 Kf7 35. Be3 Nd7 36. Nxg4 Kg6 37. Kf3 Kh5 38. Bd2
Nc5 39. Nf2 Bf6 40. Ba5 Bd8 41. Bb4 Na4 42. Nd3 b6 43. Ba3 Bg5 44. g4+ Kg6
45. Bb4 Kf6 46. Ke2 Kf7 47. Bd2 Bxd2 48. Kxd2 Kg6 49. Kc2 Kg5 50. Kb3 Nc5+
51. Nxc5 bxc5 52. Ka4 Kxg4 53. Kb5 Kf4 54. Kc6 Kxe4 55. Kxc7 Kd4 56. Kxd6
e4 57. Kc6 e3 58. d6 e2 59. d7 e1=Q 60. d8=Q+ Kxc4 61. Qd5+ Kc3 62. Qxc5+
Kd3 63. Qb5+ Kc2 64. Qa4+ Kd3 65. Qb3+ Qc3+ 66. Qxc3+ Kxc3 { Game drawn
because neither player has mating material } 1/2-1/2

[Event "ICC tourney 2396 (75 10)"]
[Site "Internet Chess Club"]
[Date "2021.02.20"]
[Round "3"]
[White "ScorpianFire7"]
[Black "JacJac06"]
[Result "0-1"]
[ICCResult "White resigns"]
[WhiteElo "1495"]
[BlackElo "1709"]
[Opening "Sicilian defense"]
[ECO "B40"]
[NIC "SI.43"]
[Time "18:02:18"]
[PlyCount "64"]
[TimeControl "4500+10"]

1. e4 c5 2. Nf3 e6 3. c3 d5 4. exd5 exd5 5. d4 Nc6 6. Be2 Nf6 7. Bf4 cxd4
8. Nxd4 Bc5 9. Be3 Qb6 10. Qd2 Nxd4 11. Bxd4 Bxd4 12. cxd4 O-O 13. Nc3 Bf5
14. O-O Rac8 15. Bf3 Ne4 16. Nxe4 Bxe4 17. Bxe4 dxe4 18. Rfe1 f5 19. Rac1
Rxc1 20. Rxc1 Rd8 21. d5 Qa6 22. b3 Qd3 23. Qa5 Qxd5 24. Qxd5+ Rxd5 25. g3
Rd7 26. Rc5 g6 27. Rc2 Kf7 28. Kf1 Ke6 29. Ke2 Kd6 30. Ke3 h6 31. h4 Ke6
32. f3 Rd3+ { White resigns } 0-1

[Event "ICC tourney 2396 (75 10)"]
[Site "Internet Chess Club"]
[Date "2021.02.20"]
[Round "3"]
[White "Niteshc"]
[Black "SuperBlueSky"]
[Result "1-0"]
[ICCResult "Black checkmated"]
[WhiteElo "1690"]
[BlackElo "1585"]
[Opening "Giuoco Piano"]
[ECO "C54"]
[NIC "IG.02"]
[Time "18:02:16"]
[PlyCount "75"]
[TimeControl "4500+10"]

1. e4 e5 2. Nf3 Nc6 3. Bc4 Bc5 4. c3 Nf6 5. d3 d6 6. h3 a6 7. a4 O-O 8. Bg5
Be6 9. Nbd2 Bxc4 10. Nxc4 h6 11. Bh4 Re8 12. O-O Ba7 13. Ne3 Bxe3 14. fxe3
Nb8 15. Qc2 Nbd7 16. Rae1 Nf8 17. d4 N8d7 18. Nh2 g5 19. Bg3 Nh5 20. Rf3
Nxg3 21. Rxg3 Qf6 22. Rf3 Qg6 23. Ref1 f6 24. Ng4 Rf8 25. Qb3+ Kg7 26. Qxb7
Rac8 27. Qc6 Rf7 28. dxe5 dxe5 29. Nxf6 Nxf6 30. Rxf6 Rxf6 31. Rxf6 Qxf6
32. Qd7+ Kg6 33. Qxc8 Qd6 34. Qg8+ Kh5 35. Qf7+ Kh4 36. Kh2 Qd2 37. Qf3
Qxe3 38. Qg4# { Black checkmated } 1-0

[Event "ICC tourney 2396 (75 10)"]
[Site "Internet Chess Club"]
[Date "2021.02.20"]
[Round "3"]
[White "ruitang"]
[Black "Mulan2009"]
[Result "1-0"]
[ICCResult "Black checkmated"]
[WhiteElo "1598"]
[BlackElo "1680"]
[Opening "French: Tarrasch, open variation"]
[ECO "C07"]
[NIC "FR.19"]
[Time "18:02:33"]
[PlyCount "53"]
[TimeControl "4500+10"]

1. e4 e6 2. d4 d5 3. Nd2 c5 4. exd5 Qxd5 5. Ngf3 Nf6 6. Bc4 Qd8 7. O-O Nc6
8. Nb3 cxd4 9. Nbxd4 Bd7 10. Re1 Bc5 11. h3 Qb6 12. Be3 Rd8 13. Nb5 Na5 14.
Bxc5 Qxc5 15. Re5 Qb6 16. Nd6+ Ke7 17. Qe1 Nc6 18. Rb5 Qc7 19. Rd1 b6 20.
Rg5 g6 21. Ne5 Nxe5 22. Qxe5 Qb8 23. Rf5 gxf5 24. Nxf5+ Kf8 25. Qxf6 Qh2+
26. Kxh2 exf5 27. Qxf7# { Black checkmated } 1-0

[Event "ICC tourney 2396 (75 10)"]
[Site "Internet Chess Club"]
[Date "2021.02.20"]
[Round "3"]
[White "StevChess01"]
[Black "solveur"]
[Result "1-0"]
[ICCResult "Black resigns"]
[WhiteElo "1661"]
[BlackElo "1560"]
[Opening "QGD Slav: Wiesbaden variation"]
[ECO "D17"]
[NIC "SL.04"]
[Time "18:02:15"]
[PlyCount "103"]
[TimeControl "4500+10"]

1. d4 d5 2. c4 c6 3. Nf3 Nf6 4. Nc3 dxc4 5. a4 Bf5 6. Ne5 e6 7. f3 Bb4 8.
Nxc4 c5 9. dxc5 Qxd1+ 10. Kxd1 Bxc5 11. e4 Bg6 12. Nb5 Na6 13. Ncd6+ Ke7
14. Nxb7 Bb4 15. Bf4 Nd7 16. Bd6+ Bxd6 17. N5xd6 Nac5 18. Nxc5 Nxc5 19. Nc4
Rhd8+ 20. Ke1 f6 21. b4 Nb3 22. Rd1 Nd4 23. Kf2 e5 24. Bd3 Rac8 25. Ne3 Bf7
26. Rc1 g6 27. Bc4 Bxc4 28. Rxc4 Rxc4 29. Nxc4 Ke6 30. Ne3 f5 31. exf5+
gxf5 32. Rc1 f4 33. Nf1 Rd7 34. g3 Kf7 35. Rc5 Kf6 36. gxf4 exf4 37. Nd2
Ne6 38. Ne4+ Ke7 39. Rc4 Rd3 40. h4 Ra3 41. Nc5 Ra2+ 42. Kg1 Ra1+ 43. Kg2
Ra2+ 44. Kh3 h5 45. Re4 Ra1 46. Rxe6+ Kf7 47. Rh6 Rh1+ 48. Kg2 Rxh4 49.
Rh7+ Kf6 50. Rxa7 Kg5 51. Ne4+ Kf5 52. Ra5+ { Black resigns } 1-0

[Event "ICC tourney 2396 (75 10)"]
[Site "Internet Chess Club"]
[Date "2021.02.20"]
[Round "3"]
[White "Deveshc"]
[Black "kittycat35"]
[Result "0-1"]
[ICCResult "White checkmated"]
[WhiteElo "1371"]
[BlackElo "1725"]
[Opening "Giuoco Piano"]
[ECO "C50"]
[NIC "IG.02"]
[Time "18:02:32"]
[PlyCount "54"]
[TimeControl "4500+10"]

1. e4 e5 2. Nf3 Nc6 3. Bc4 Bc5 4. O-O Nf6 5. d4 Bxd4 6. Nxd4 Nxd4 7. f4 d6
8. fxe5 dxe5 9. Bg5 Bd7 10. Nc3 c6 11. Qd2 Qe7 12. Qf2 Be6 13. Bb3 Ng4 14.
Bxe6 Qxe6 15. Qd2 h6 16. Bh4 g5 17. Bg3 O-O-O 18. Qc1 Nf6 19. Kh1 Nh5 20.
Bf2 Nf4 21. g3 Ng6 22. Kg2 f6 23. Na4 Qg4 24. Qe3 Nh4+ 25. Kh1 Nxc2 26. Qc3
Qxe4+ 27. Kg1 Qg2# { White checkmated } 0-1

[Event "ICC tourney 2396 (75 10)"]
[Site "Internet Chess Club"]
[Date "2021.02.20"]
[Round "3"]
[White "NL008"]
[Black "Supersamraat"]
[Result "1-0"]
[ICCResult "Black checkmated"]
[WhiteElo "1541"]
[BlackElo "1575"]
[Opening "French: exchange variation"]
[ECO "C01"]
[NIC "FR.01"]
[Time "18:02:30"]
[PlyCount "83"]
[TimeControl "4500+10"]

1. e4 e6 2. d4 d5 3. exd5 exd5 4. Nf3 Nf6 5. Bf4 Bf5 6. Bd3 Bg6 7. O-O Be7
8. Re1 O-O 9. Ne5 Bxd3 10. Qxd3 c6 11. Nd2 Nbd7 12. Ndf3 Ne4 13. Nxd7 Qxd7
14. Ne5 Qd8 15. f3 Nf6 16. Qb3 Nh5 17. Qxb7 Rb8 18. Qxa7 Ra8 19. Qb7 Rb8
20. Qa6 Ra8 21. Qf1 Qb6 22. Be3 Qxb2 23. Nxc6 Ba3 24. Qd3 Qb6 25. Ne5 Qc7
26. g4 Nf6 27. Bf4 Rfc8 28. Re2 Qc3 29. Qxc3 Rxc3 30. Rb1 Bd6 31. Rb3 Rac8
32. Rxc3 Rxc3 33. Kf2 Ra3 34. c4 Ra4 35. c5 Bxc5 36. dxc5 Rxf4 37. c6 Ra4
38. c7 Ra8 39. Rb2 Ne8 40. Rb8 Rxa2+ 41. Kg3 f6 42. Rxe8# { Black
checkmated } 1-0

[Event "ICC tourney 2396 (75 10)"]
[Site "Internet Chess Club"]
[Date "2021.02.20"]
[Round "3"]
[White "muzikmixer"]
[Black "wahoo"]
[Result "1/2-1/2"]
[ICCResult "Game drawn by the 50 move rule"]
[WhiteElo "1579"]
[BlackElo "1653"]
[Opening "English opening"]
[ECO "A20"]
[NIC "EO.24"]
[Time "18:02:15"]
[PlyCount "273"]
[TimeControl "4500+10"]

1. c4 e5 2. g3 d5 3. cxd5 Qxd5 4. Nf3 e4 5. Nc3 Qc6 6. Nd4 Qc5 7. e3 Nf6 8.
Bg2 Be7 9. Nxe4 Nxe4 10. Bxe4 O-O 11. Qc2 Qxc2 12. Nxc2 Nc6 13. d4 Bg4 14.
O-O f5 15. Bd5+ Kh8 16. a3 Be2 17. Re1 Bd3 18. Bxc6 bxc6 19. Nb4 Bxb4 20.
axb4 a6 21. Bd2 Rab8 22. Rec1 Rf6 23. d5 Rb6 24. Bc3 Rd6 25. Bd4 Rb8 26.
dxc6 Rd5 27. Rc3 Be2 28. Rc5 Rxc5 29. bxc5 Kg8 30. f4 Kf7 31. Kf2 Bc4 32.
Ra5 g6 33. Be5 Rc8 34. Ra4 Bb5 35. Rd4 Bxc6 36. b4 Ke7 37. Ke1 Ke6 38. Kf2
Bd5 39. Ke1 c6 40. Kd2 Ra8 41. Bc7 Ra7 42. Bb6 Ra8 43. Kc3 Kd7 44. g4 Re8
45. Kd3 Ke6 46. g5 Kd7 47. Ke2 Rh8 48. Rd1 h6 49. h4 h5 50. Kd3 Re8 51. Ra1
Re4 52. Ba5 Bc4+ 53. Kd2 Bd5 54. Rc1 Ke6 55. Rc3 Rc4 56. Rxc4 Bxc4 57. Kc3
Kd5 58. Bc7 Bb5 59. Be5 Ke4 60. Bd4 Kf3 61. Be5 Kg4 62. Kd4 Kxh4 63. e4 Kg4
64. Bd6 fxe4 65. Kxe4 h4 66. Ke3 h3 67. Kf2 Bd3 68. Kg1 Bf5 69. Kh2 Kf3 70.
Be5 Ke4 71. Bc7 Kd5 72. Ba5 Kc4 73. Kg3 Kd4 74. Bc7 Ke3 75. Kh2 Kf2 76. Be5
Kf3 77. Bd6 Ke4 78. Be5 Bg4 79. Kg3 Kd5 80. Bc7 Bf5 81. Kh2 Kd4 82. Kg3 Kd3
83. Kh2 Kd2 84. Kg3 Ke1 85. Kh2 Ke2 86. Kg3 Kf1 87. Kh2 Bg4 88. Bb8 Kf2 89.
Bc7 Kf3 90. Bb8 Ke4 91. Bc7 Ke3 92. Bb8 Ke4 93. Bc7 Kd5 94. Kg3 Bf5 95. Kh2
Kc4 96. Ba5 Kb5 97. Kg3 Kc4 98. Kh2 Kd4 99. Kg3 Ke3 100. Bc7 Ke4 101. Bb8
Kd5 102. Bc7 Bc8 103. Kh2 Bd7 104. Kg3 Bg4 105. Kh2 Kd4 106. Kg3 Ke4 107.
Kh2 Kf3 108. Bb8 Bf5 109. Be5 Kg4 110. Bc7 Be4 111. Bd6 Bg2 112. Be5 Be4
113. Bd6 Bf5 114. Be5 Kf3 115. Bd6 Ke3 116. Bc7 Ke4 117. Bd6 Kd4 118. Bc7
Kd5 119. Ba5 Bg4 120. Kg3 Be6 121. Kh2 Kd4 122. Kg3 Kd3 123. Kh2 Ke2 124.
Bc7 Kd3 125. Kg3 Kd2 126. Kh2 Kd3 127. Kg3 Kd4 128. Kh2 Kc4 129. Ba5 Kd5
130. Kg3 Kc4 131. Kh2 Kd3 132. Kg3 Ke2 133. Bc7 Kf1 134. Kh2 Kf2 135. Bd6
Ke3 136. Bc7 Ke4 137. Bd6 { Game drawn by the 50 move rule } 1/2-1/2

[Event "ICC tourney 2396 (75 10)"]
[Site "Internet Chess Club"]
[Date "2021.02.20"]
[Round "3"]
[White "VincentT2008"]
[Black "shrey16ultimate"]
[Result "1-0"]
[ICCResult "Black checkmated"]
[WhiteElo "1701"]
[BlackElo "1600"]
[Opening "Nimzo-Indian: classical variation"]
[ECO "E32"]
[NIC "NI.24"]
[Time "18:02:18"]
[PlyCount "123"]
[TimeControl "4500+10"]

1. d4 Nf6 2. c4 e6 3. Nc3 Bb4 4. Qc2 b6 5. Bg5 h6 6. Bh4 Bb7 7. f3 Nc6 8.
e3 Ba6 9. a3 Bxc3+ 10. Qxc3 g5 11. Bf2 Ne7 12. Bd3 d5 13. Ne2 Rc8 14. O-O
O-O 15. Rac1 Ng6 16. b3 Qe7 17. e4 dxc4 18. bxc4 e5 19. dxe5 Nxe5 20. Bd4
Nxd3 21. Qxd3 Rfd8 22. Qc3 Ne8 23. Ng3 c5 24. Nf5 Qe6 25. Be3 Rd7 26. Rfd1
Rcd8 27. Rxd7 Rxd7 28. h4 Qg6 29. Qe5 Nd6 30. Rd1 Nxf5 31. Rxd7 Ng7 32.
hxg5 hxg5 33. Rd8+ Kh7 34. g4 f6 35. Qh2+ Nh5 36. Qxh5+ Qxh5 37. gxh5 Bxc4
38. Rd7+ Kh6 39. Rxa7 Be2 40. Kf2 Bd3 41. Rf7 Kxh5 42. Rxf6 c4 43. Rxb6 c3
44. Rc6 c2 45. Rc3 Bb5 46. Rxc2 Kg6 47. Rc5 Ba4 48. Rxg5+ Kf6 49. e5+ Ke6
50. f4 Kd5 51. Kf3 Bc6 52. Kg4 Ke4 53. Bc5 Bd7+ 54. Kg3 Kd5 55. Bb4 Ke4 56.
e6 Be8 57. e7 Kd4 58. Rg8 Bf7 59. e8=Q Bg6 60. Rxg6 Kc4 61. Qe4+ Kb5 62.
Qc6# { Black checkmated } 1-0

[Event "ICC tourney 2396 (75 10)"]
[Site "Internet Chess Club"]
[Date "2021.02.20"]
[Round "3"]
[White "trucker"]
[Black "Abror"]
[Result "1-0"]
[ICCResult "Black checkmated"]
[WhiteElo "1640"]
[BlackElo "1753"]
[Opening "Sicilian: accelerated fianchetto, modern variation"]
[ECO "B34"]
[NIC "SI.33"]
[Time "18:02:21"]
[PlyCount "55"]
[TimeControl "4500+10"]

1. e4 c5 2. Nf3 Nc6 3. d4 cxd4 4. Nxd4 g6 5. Nc3 Bg7 6. Be3 Nf6 7. Nxc6
bxc6 8. e5 Ng8 9. f4 Nh6 10. Bc4 Nf5 11. Bf2 d5 12. Bb3 e6 13. Qf3 Qa5 14.
O-O-O Bf8 15. g4 Ng7 16. Bh4 Bd7 17. Bf6 Rb8 18. Rhe1 Qb4 19. f5 a5 20. Rf1
gxf5 21. gxf5 a4 22. Nxa4 c5 23. fxe6 Bxa4 24. exf7+ Kd7 25. Qxd5+ Kc8 26.
e6 Rb6 27. Qa8+ Kc7 28. Bd8# { Black checkmated } 1-0

[Event "ICC tourney 2396 (75 10)"]
[Site "Internet Chess Club"]
[Date "2021.02.20"]
[Round "3"]
[White "yuanbao2007"]
[Black "PvzGuy13"]
[Result "1-0"]
[ICCResult "Black resigns"]
[WhiteElo "1584"]
[BlackElo "1691"]
[Opening "QGD semi-Slav: 5.Bg5 dc"]
[ECO "D44"]
[NIC "SL.03"]
[Time "18:02:14"]
[PlyCount "89"]
[TimeControl "4500+10"]

1. d4 d5 2. Nf3 Nf6 3. c4 c6 4. Nc3 e6 5. Bg5 dxc4 6. a4 Bb4 7. Qc2 Nbd7 8.
e4 Qa5 9. Bd2 b5 10. Be2 O-O 11. O-O Qb6 12. e5 Ne8 13. Ng5 g6 14. Nf3 f5
15. b3 Bxc3 16. Qxc3 cxb3 17. Qxb3 Nc7 18. a5 Qb7 19. Ng5 Re8 20. Qh3 Nf8
21. Bb4 Nd5 22. Bxf8 Rxf8 23. Rfc1 a6 24. g3 Qe7 25. f4 Bb7 26. Rc5 Rfe8
27. Bf3 Qg7 28. Bxd5 cxd5 29. Rac1 Rac8 30. Nxe6 Rxe6 31. Rxc8+ Bxc8 32.
Rxc8+ Kf7 33. Qg2 g5 34. Qxd5 Qg6 35. Rc7+ Kf8 36. Qc5+ Kg8 37. d5 Re8 38.
Qd4 b4 39. Qxb4 h5 40. d6 gxf4 41. Qxf4 h4 42. d7 Rd8 43. Qxh4 f4 44. Qxd8+
Kh7 45. Qh4+ { Black resigns } 1-0

[Event "ICC tourney 2396 (75 10)"]
[Site "Internet Chess Club"]
[Date "2021.02.20"]
[Round "3"]
[White "Mitochondria"]
[Black "abelMZ084"]
[Result "0-1"]
[ICCResult "White resigns"]
[WhiteElo "1575"]
[BlackElo "1667"]
[Opening "QGD: 4.Nf3"]
[ECO "D37"]
[NIC "QO.16"]
[Time "18:02:13"]
[PlyCount "56"]
[TimeControl "4500+10"]

1. d4 d5 2. c4 e6 3. Nc3 Nf6 4. Nf3 Nbd7 5. e3 b6 6. cxd5 Nxd5 7. Nxd5 exd5
8. Bd3 Be7 9. O-O O-O 10. Bd2 Bb7 11. Rc1 Rc8 12. Qe2 c5 13. Ba6 Qc7 14.
Bxb7 Qxb7 15. dxc5 bxc5 16. b3 Nb6 17. Rfd1 Rfd8 18. Ba5 Bf6 19. Bc3 Qe7
20. Bxf6 Qxf6 21. h3 h6 22. Qa6 c4 23. Nd4 Rd6 24. Rc2 Qg5 25. Rdc1 Rg6 26.
g3 h5 27. Nf3 Qe7 28. Nh4 Qxh4 { White resigns } 0-1

[Event "ICC tourney 2396 (75 10)"]
[Site "Internet Chess Club"]
[Date "2021.02.20"]
[Round "3"]
[White "kgeisenman32"]
[Black "edwinthomas"]
[Result "0-1"]
[ICCResult "White resigns"]
[WhiteElo "1557"]
[BlackElo "1527"]
[Opening "Queen's bishop game"]
[ECO "D02"]
[NIC "QP.08"]
[Time "18:02:11"]
[PlyCount "124"]
[TimeControl "4500+10"]

1. d4 d5 2. Nf3 Nf6 3. Bf4 c5 4. c3 e6 5. e3 c4 6. Nbd2 Nc6 7. Be2 Bd6 8.
Bg3 Qc7 9. Bxd6 Qxd6 10. h3 h6 11. Qc2 O-O 12. e4 Nd7 13. e5 Qe7 14. O-O-O
b5 15. g4 a5 16. h4 f5 17. exf6 Rxf6 18. g5 Rf5 19. gxh6 gxh6 20. Rdg1+ Kf7
21. Rg3 Ke8 22. Rhg1 Kd8 23. Rg6 b4 24. Rxh6 a4 25. Rh8+ Kc7 26. Nb1 Qf6
27. Rhg8 Rxf3 28. Bxf3 Qxf3 29. Qd2 Nf6 30. R8g7+ Kb6 31. Qe3 Qe4 32. Qxe4
Nxe4 33. R1g2 e5 34. dxe5 Nxe5 35. cxb4 Nd3+ 36. Kc2 Ne1+ 37. Kd1 Nxg2 38.
Rxg2 Bf5 39. Nc3 Nxc3+ 40. bxc3 a3 41. f4 Rh8 42. Rh2 Rh5 43. Ke2 Kb5 44.
Ke3 Kc6 45. Kd4 Be4 46. Ke3 Kd6 47. Kf2 Ke6 48. Kg3 Kf5 49. b5 Bb1 50. b6
Rh6 51. b7 Rb6 52. h5 Rxb7 53. h6 Kf6 54. Kg4 Rb2 55. Rh1 Bh7 56. Ra1 Rc2
57. Kf3 Rxc3+ 58. Ke2 Rc2+ 59. Ke3 Rb2 60. Kd4 Rb1 61. Rxb1 Bxb1 62. Kxd5
c3 { White resigns } 0-1

[Event "ICC tourney 2396 (75 10)"]
[Site "Internet Chess Club"]
[Date "2021.02.20"]
[Round "3"]
[White "Mpugachev"]
[Black "Shoshonte"]
[Result "0-1"]
[ICCResult "White resigns"]
[WhiteElo "1630"]
[BlackElo "1626"]
[Opening "Giuoco Pianissimo"]
[ECO "C50"]
[NIC "IG.02"]
[Time "18:03:07"]
[PlyCount "80"]
[TimeControl "4500+10"]

1. e4 e5 2. Bc4 Nc6 3. Nf3 Bc5 4. d3 Nf6 5. c3 O-O 6. Nbd2 h6 7. Nf1 Re8 8.
b4 Bb6 9. Qb3 Re7 10. a4 a5 11. b5 Nb8 12. Ba3 d6 13. Ng3 g6 14. Bc1 Kg7
15. h4 Be6 16. Bxe6 fxe6 17. h5 g5 18. Bxg5 hxg5 19. h6+ Kh8 20. Nxg5 Qg8
21. Nf3 Nbd7 22. Ke2 Rf8 23. Rh3 d5 24. Rah1 Nc5 25. Qc2 Nh7 26. Nxe5 Nxe4
27. Nxe4 Qxg2 28. R1h2 Qg1 29. Rg3 Qxh2 30. Ng6+ Kg8 31. Nxe7+ Kf7 32. Rg7+
Ke8 33. d4 dxe4 34. Kf1 Qh1+ 35. Ke2 Qxh6 36. Rg6 Qh5+ 37. Ke1 Kxe7 38.
Qxe4 Nf6 39. Qg2 Rf7 40. Rg5 Qh4 { White resigns } 0-1

[Event "ICC tourney 2396 (75 10)"]
[Site "Internet Chess Club"]
[Date "2021.02.20"]
[Round "3"]
[White "Artemio3"]
[Black "sanjay2000"]
[Result "1/2-1/2"]
[ICCResult "Game drawn by repetition"]
[WhiteElo "1721"]
[BlackElo "1615"]
[Opening "Sicilian: Smith-Morra gambit"]
[ECO "B21"]
[NIC "SI.48"]
[Time "18:03:03"]
[PlyCount "68"]
[TimeControl "4500+10"]

1. e4 c5 2. d4 cxd4 3. c3 dxc3 4. Nxc3 d6 5. Bc4 e6 6. Nf3 Nc6 7. O-O Nf6
8. Qe2 Be7 9. Rd1 e5 10. b3 a6 11. Nd5 Nxd5 12. Bxd5 Bg4 13. Bb2 Qb6 14. h3
Be6 15. Rac1 O-O 16. Rc4 Bxd5 17. Rxd5 Nb4 18. Rd1 Nxa2 19. Bxe5 dxe5 20.
Qxa2 Rfd8 21. Rxd8+ Bxd8 22. Nxe5 Qe6 23. Nf3 b5 24. Rc3 Bb6 25. Qc2 Rd8
26. Rc6 Rd6 27. Rc3 Rd8 28. e5 Qd7 29. Kf1 h6 30. Rc6 Qa7 31. Rc8 Qd7 32.
Rc6 Qa7 33. Rc8 Qd7 34. Rc6 Qa7 { Game drawn by repetition } 1/2-1/2

[Event "ICC tourney 2396 (75 10)"]
[Site "Internet Chess Club"]
[Date "2021.02.20"]
[Round "3"]
[White "Ananya22609"]
[Black "Chessnaught"]
[Result "1-0"]
[ICCResult "Black checkmated"]
[WhiteElo "1595"]
[BlackElo "1527"]
[Opening "Caro-Kann: classical, Spassky variation"]
[ECO "B19"]
[NIC "CK.12"]
[Time "18:02:45"]
[PlyCount "141"]
[TimeControl "4500+10"]

1. e4 c6 2. d4 d5 3. Nc3 dxe4 4. Nxe4 Bf5 5. Ng3 Bg6 6. h4 h6 7. Nf3 Nd7 8.
h5 Bh7 9. Bd3 Bxd3 10. Qxd3 e6 11. Bf4 Qa5+ 12. Bd2 Bb4 13. a3 Bxd2+ 14.
Nxd2 Ngf6 15. O-O-O O-O 16. Nde4 b5 17. Nxf6+ Nxf6 18. Ne4 Nxe4 19. Qxe4 b4
20. Rd3 Rfd8 21. g4 c5 22. axb4 Qxb4 23. c3 Qa4 24. g5 cxd4 25. Rxd4 Qa5
26. gxh6 Qg5+ 27. Kb1 Qxh6 28. Rhd1 Qf6 29. Qg2 Rab8 30. Qg3 Rbc8 31. Rxd8+
Rxd8 32. Rxd8+ Qxd8 33. Kc2 Qa5 34. h6 Qf5+ 35. Kc1 g6 36. Qb8+ Kh7 37.
Qxa7 Kxh6 38. Qe3+ g5 39. b4 Qd5 40. Qd4 Qh1+ 41. Kd2 Kg6 42. b5 Qa1 43. b6
Qb2+ 44. Ke3 f5 45. Qb4 Qc1+ 46. Ke2 Qc2+ 47. Kf1 Qd1+ 48. Kg2 Qd5+ 49. Kh2
Qe5+ 50. Kg1 Qe1+ 51. Kg2 f4 52. b7 Qe2 53. Qb1+ Kh6 54. b8=Q Qg4+ 55. Kf1
Qh3+ 56. Ke2 Qg4+ 57. Kd2 Qf5 58. Qh8+ Kg6 59. Qxf5+ Kxf5 60. c4 g4 61.
Qf8+ Ke4 62. c5 g3 63. fxg3 fxg3 64. c6 g2 65. Qg8 Kf3 66. c7 Kf2 67. c8=Q
e5 68. Qc5+ Kf1 69. Qcf8+ Kg1 70. Qf3 Kh1 71. Qgxg2# { Black checkmated }
1-0

[Event "ICC tourney 2396 (75 10)"]
[Site "Internet Chess Club"]
[Date "2021.02.20"]
[Round "3"]
[White "sushivishwa"]
[Black "fireheart"]
[Result "1-0"]
[ICCResult "Black resigns"]
[WhiteElo "1750"]
[BlackElo "1608"]
[Opening "Giuoco Piano"]
[ECO "C54"]
[NIC "IG.02"]
[Time "18:02:41"]
[PlyCount "135"]
[TimeControl "4500+10"]

1. e4 e5 2. Nf3 Nc6 3. Bc4 Bc5 4. c3 Nf6 5. d4 exd4 6. e5 d5 7. Bb5 Ne4 8.
cxd4 Bb6 9. Nc3 Nxc3 10. bxc3 O-O 11. O-O f6 12. exf6 Qxf6 13. Bg5 Qg6 14.
Qd2 h6 15. Bf4 Qg4 16. Bg3 Bf5 17. Be2 Qg6 18. Nh4 Qf6 19. Nxf5 Qxf5 20.
Rfe1 Rae8 21. Bd3 Qf6 22. Bc2 Ne7 23. Qd3 g6 24. Qd2 Kh7 25. Re5 Qf7 26.
Rae1 Nf5 27. Bxf5 gxf5 28. f4 c6 29. Bh4 Rxe5 30. fxe5 Re8 31. Qf4 Qe6 32.
Re3 c5 33. Bf6 Rg8 34. Rh3 Rg6 35. Kf2 cxd4 36. cxd4 Qc8 37. Qd2 Qg8 38.
Kf3 Qf8 39. Qc2 Qa3+ 40. Kf4 Qb4 41. Kxf5 Qxd4 42. Rh4 Qf2+ 43. Qxf2 Bxf2
44. Rb4 b6 45. e6 Bc5 46. Ra4 a5 47. g4 Rg8 48. e7 Bb4 49. Ke6 Kg6 50. h4
h5 51. gxh5+ Kxh5 52. Kf7 Ra8 53. e8=Q Rxe8 54. Kxe8 b5 55. Rxb4 axb4 56.
Kd7 d4 57. Kd6 d3 58. Bg5 d2 59. Bxd2 Kxh4 60. Bxb4 Kg5 61. Kc5 Kf5 62.
Kxb5 Ke6 63. Kc6 Ke5 64. a4 Kd4 65. a5 Kc4 66. a6 Kxb4 67. a7 Kc4 68. a8=Q
{ Black resigns } 1-0

[Event "ICC tourney 2396 (75 10)"]
[Site "Internet Chess Club"]
[Date "2021.02.21"]
[Round "4"]
[White "chesslin"]
[Black "IveDoneEnough"]
[Result "1-0"]
[ICCResult "Black resigns"]
[WhiteElo "1788"]
[BlackElo "1584"]
[Opening "Queen's pawn: London system"]
[ECO "A45"]
[NIC "QP.07"]
[Time "11:02:56"]
[PlyCount "54"]
[TimeControl "4500+10"]

1. d4 Nf6 2. Bf4 g6 3. Nc3 Bg7 4. e4 d6 5. Qd2 O-O 6. O-O-O Nc6 7. Bh6 e5
8. Bxg7 Kxg7 9. dxe5 dxe5 10. Qe3 Qe8 11. f3 Be6 12. g4 Rd8 13. Bd3 Nb4 14.
h4 h5 15. Nge2 Qc6 16. gxh5 Nxh5 17. Rdg1 Nxd3+ 18. cxd3 Qb6 19. Qg5 Kh7
20. Ng3 Nf4 21. h5 Nxd3+ 22. Kd1 Nf2+ 23. Kc2 Nh3 24. hxg6+ fxg6 25. Nf5
Bxf5 26. exf5 Qf6 27. Rxh3+ Kg8 { Black resigns } 1-0

[Event "ICC tourney 2396 (75 10)"]
[Site "Internet Chess Club"]
[Date "2021.02.21"]
[Round "4"]
[White "rpodder1"]
[Black "sushivishwa"]
[Result "0-1"]
[ICCResult "White resigns"]
[WhiteElo "1590"]
[BlackElo "1750"]
[Opening "Giuoco Pianissimo"]
[ECO "C50"]
[NIC "IG.02"]
[Time "11:02:05"]
[PlyCount "52"]
[TimeControl "4500+10"]

1. e4 e5 2. Nf3 Nc6 3. Bc4 Bc5 4. d3 Nf6 5. Bg5 h6 6. Bh4 d6 7. h3 a6 8. a3
Be6 9. Nc3 Bxc4 10. dxc4 g5 11. Bg3 Rg8 12. Qe2 Nh5 13. O-O-O Nf4 14. Bxf4
gxf4 15. Rhg1 a5 16. Rd5 Qe7 17. g4 fxg3 18. Rxg3 O-O-O 19. Na4 Ba7 20. Kb1
Rg6 21. Rxg6 fxg6 22. Nh2 h5 23. f3 Qg5 24. Ka2 Qg3 25. Qf1 Qxh2 26. Nc3
Rf8 { White resigns } 0-1